 Dungeon Crawl Stone Soup version bcrawl-1.21.2-1-g32d02e0829 (webtiles) character file.

Game seed: 16687513419540700961

4470 Mrkan the Basher (level 10, -8/90 HPs)
             Began as a Minotaur Fighter on Feb 25, 2020.
             Was a Believer of Makhleb.
             Mangled by Grum
             ... wielding a -1 spear
              (14 damage)
             ... on level 8 of the Dungeon.
             The game lasted 00:10:42 (7155 turns).

Mrkan the Basher (Minotaur Fighter)                 Turns: 7155, Time: 00:10:43

Health: -8/90      AC: 13    Str: 26    XL:     10   Next: 15%
Magic:  12/12      EV:  7    Int:  5    God:    Makhleb [**....]
Gold:   716        SH: 12    Dex: 13    Spells: 9/9 levels left

rFire    . . .     SeeInvis .   a - +0 flail
rCold    . . .     Gourm    .   c - +0 shield
rNeg     . . .     Faith    .   l - +0 chain mail (curse)
rPois    .         Spirit   .   (helmet restricted)
rElec    .         Reflect  .   v - +0 cloak
rCorr    .         Harm     .   k - +0 pair of gloves
MR       .....                  (no boots)
Stlth    ..........             (no amulet)
HPRegen  0.25/turn              (no ring)
MPRegen  0.13/turn              (no ring)

@: mighty
A: retaliatory headbutt, horns 2
a: Minor Destruction, Renounce Religion


You were on level 8 of the Dungeon.
You worshipped Makhleb.
Makhleb was pleased with you.
You were not hungry.

You visited 1 branch of the dungeon, and saw 8 of its levels.
You also visited: Ossuary.

You collected 716 gold pieces.

Inventory:

Hand Weapons
 a - a +0 flail (weapon)
Missiles
 j - 135 javelins (quivered)
Armour
 c - a +0 shield (worn)
 k - a +0 pair of gloves (worn)
 l - a cursed +0 chain mail (worn)
 v - a +0 cloak (worn)
Jewellery
 m - a +2 amulet of reflection {unknown}
 o - an uncursed amulet of faith {unknown}
 w - a cursed amulet of inaccuracy {unknown}
Scrolls
 f - 7 scrolls of fear {unknown}
 g - 4 scrolls of remove curse {unknown}
 q - 11 scrolls of identify {unknown}
 u - 2 scrolls of amnesia {unknown}
 x - 3 scrolls of enchant weapon {unknown}
 y - a scroll of magic mapping {unknown}
 z - 6 scrolls of teleportation {unknown}
 B - a scroll of summoning {unknown}
 C - a scroll of noise {unknown}
 F - a scroll of vulnerability {unknown}
 G - a scroll of blinking {unknown}
Potions
 b - a potion of haste {unknown}
 h - 4 potions of heal wounds
 i - 2 potions of brilliance {unknown}
 n - a potion of lignification {unknown}
 p - 2 potions of mutation {unknown}
 r - 2 potions of flight {unknown}
 s - 4 potions of curing {unknown}
 t - 4 potions of berserk rage {unknown}
 A - 3 potions of agility {unknown}
 D - a potion of magic {unknown}
 E - a potion of degeneration {unknown}
Comestibles
 e - 12 rations {!d}


   Skills:
 + Level 8.5 Fighting
 * Level 10.9 Maces & Flails
 + Level 8.4 Armour
 + Level 8.4 Shields
 + Level 4.1 Invocations


You had 9 spell levels left.
You didn't know any spells.
Your spell library contained the following spells:

 Spells                   Type           Power        Failure   Level  Hunger
 Magic Dart               Conj           #...         99%         1    ##.....
 Blink                    Tloc           N/A          100%        2    ###....
 Call Imp                 Summ           #.....       100%        2    ###....
 Poisonous Vapours        Pois/Air       #.....       100%        2    ###....
 Conjure Flame            Conj/Fire      #.......     100%        3    ####...
 Mephitic Cloud           Conj/Pois/Air  #.......     100%        3    ####...
 Spider Form              Tmut/Pois      #..          100%        3    ####...
 Freezing Cloud           Ice/Air        #.........   100%        6    #######
 Steam Barrier            Chrm/Fire      #.........   100%        6    #######


Dungeon Overview and Level Annotations

Branches:
Dungeon (8/12)             Temple (0/1) D:5
   Lair: D:7-9          Orc: D:8-11

Altars:
Makhleb
Xom
Zin

Shops:
D:4 =   D:5 [

Annotations:
D:8 Grum


Innate Abilities, Weirdness & Mutations

You reflexively headbutt those who attack you in melee.
You have a pair of horns on your head.


Message History

An orc comes into view. It is wielding a +0 flail.
The orc shouts!
The wolf bites you but does no damage.
Grum glances around and shouts, "Pluto!
Here boy!"
You block Grum's attack.
The orc hits the freed slave with a +0 flail.
The freed slave hits the necrophage.
The wolf bites you but does no damage.
The necrophage hits the freed slave but does no damage.
Items here: ))) [[ ††† You hit Grum.
Your headbutt misses Grum.
Grum is lightly wounded.
The wolf barely misses you. You block Grum's attack.
The orc completely misses the freed slave.
The freed slave closely misses the necrophage.
The freed slave hits the orc but does no damage.
The necrophage barely misses the freed slave.
You sock Grum!
Grum is moderately wounded.
The wolf bites you but does no damage. Grum hits you with a -1 spear!
You die... .. ## ### #..##.#####.## #......#..#..# #.........p.# p ..####..g@h## .o ##..pop#.# op.

##..#.no### #..
#...#.po## #...
###.......#
#...h#.........#
#...p......#####
#.<............##
#..###............####


You could see Grum, a necrophage, a wolf, 3 orcs and 4 neutral freed slaves.

Vanquished Creatures
  Pikel (D:8)
  Grinder (D:4)
  A hippogriff (D:7)
  A wraith (Ossuary)
  3 hungry ghosts
  A vampire mosquito (D:6)
  3 ice beasts
  3 sky beasts
  A necrophage (D:7)
  5 ogres
  2 wolves (D:8)
  2 centaurs (D:7)
  4 bullfrogs
  2 big kobolds
  2 scorpions
  A killer bee (D:5)
  2 crimson imps
  3 howler monkeys
  2 jellies (D:2)
  3 orc priests
  3 hounds
  Crazy Yiuf (D:2)
  2 orc wizards (D:6)
  2 bullfrog skeletons (D:4)
  Natasha (thrice) (D:4)
  4 worker ants
  A mummy (Ossuary)
  Robin (D:2)
  6 adders
  An ooze (D:7)
  A worm (D:1)
  2 dart slugs
  3 leopard geckos
  14 orcs
  A giant cockroach (D:1)
  12 goblins
  11 hobgoblins
  6 iguanas
  9 jackals
  10 kobolds
  5 quokkas
  2 ball pythons
  8 bats
  A frilled lizard (D:1)
  4 gnoll skeletons (Ossuary)
  6 kobold skeletons (Ossuary)
  15 orc skeletons (Ossuary)
  3 rats
180 creatures vanquished.

Notes
Turn   | Place    | Note
-------+----------+-------------------------------------------
     0 | D:1      | Mrkan the Minotaur Fighter began the quest for the Orb.
     0 | D:1      | Reached XP level 1. HP: 19/19 MP: 0/0
   177 | D:1      | Reached XP level 2. HP: 27/27 MP: 1/1
   328 | D:1      | Reached skill level 3 in Maces & Flails
  1175 | D:2      | Reached XP level 3. HP: 33/33 MP: 2/2
  1309 | D:2      | Reached XP level 4. HP: 36/40 MP: 3/3
  1310 | D:2      | Noticed Robin
  1324 | D:2      | Killed Robin
  1393 | D:2      | Reached skill level 4 in Maces & Flails
  1784 | D:2      | Found a runed door.
  1788 | D:2      | Noticed Crazy Yiuf
  1796 | D:2      | Killed Crazy Yiuf
  2085 | D:2      | Found a shimmering altar of Xom.
  2102 | D:2      | Reached XP level 5. HP: 43/47 MP: 4/4
  2255 | D:3      | Noticed an ogre
  2262 | D:3      | Killed an ogre
  2262 | D:3      | Reached skill level 5 in Maces & Flails
  2262 | D:3      | Reached XP level 6. HP: 42/55 MP: 5/5
  2873 | D:3      | Found a burning altar of Makhleb.
  2888 | D:3      | Became a worshipper of Makhleb the Destroyer
  3103 | D:4      | Reached skill level 5 in Fighting
  3103 | D:4      | Reached skill level 5 in Armour
  3103 | D:4      | Reached skill level 5 in Shields
  3153 | D:4      | Noticed Natasha
  3160 | D:4      | Killed Natasha
  3162 | D:4      | Noticed Natasha
  3173 | D:4      | Killed Natasha
  3416 | D:4      | Found Sic Ura's Jewellery Shoppe.
  3440 | D:4      | Found a glowing silver altar of Zin.
  3484 | D:4      | Reached skill level 6 in Maces & Flails
  3539 | D:4      | Noticed a hungry ghost
  3557 | D:4      | Killed a hungry ghost
  3557 | D:4      | Reached XP level 7. HP: 55/61 MP: 6/6
  3618 | D:4      | Noticed Grinder
  3619 | D:4      | Paralysed by Grinder for 2 turns
  3628 | D:4      | Paralysed by Grinder for 4 turns
  3641 | D:4      | Paralysed by Grinder for 3 turns
  3652 | D:4      | Killed Grinder
  3675 | D:4      | Reached skill level 7 in Maces & Flails
  4058 | D:4      | Noticed Natasha
  4068 | D:4      | Killed Natasha
  4170 | D:5      | Entered Level 5 of the Dungeon
  4192 | D:5      | Reached XP level 8. HP: 52/70 MP: 7/7
  4197 | D:5      | Found a staircase to the Ecumenical Temple.
  4402 | D:5      | Found Gawkemn's Armour Boutique.
  4544 | D:5      | Reached skill level 8 in Maces & Flails
  5116 | D:6      | Reached skill level 1 in Invocations
  5368 | D:6      | Reached skill level 9 in Maces & Flails
  5433 | D:6      | Reached XP level 9. HP: 67/79 MP: 9/9
  5537 | D:6      | HP: 2/79 [vampire mosquito (8)]
  5807 | D:6      | Reached * piety under Makhleb
  6126 | D:7      | Found a sand-covered staircase.
  6135 | Ossuary  | Entered an ossuary
  6304 | Ossuary  | Reached ** piety under Makhleb
  6361 | D:7      | Reached skill level 10 in Maces & Flails
  7118 | D:8      | Noticed Grum
  7119 | D:8      | Noticed Pikel
  7143 | D:8      | Reached XP level 10. HP: 28/88 MP: 11/11
  7148 | D:8      | Killed Pikel
  7155 | D:8      | Mangled by Grum

Skill      XL: |  1  2  3  4  5  6  7  8  9 10 |
---------------+-------------------------------+-----
Maces & Flails | 3 4 5 6 7 9 10 | 10.9
Fighting       | 4 5 6 7 8 |  8.5
Armour         | 4 5 6 7 8 |  8.4
Shields        | 4 5 6 7 8 |  8.4
Invocations    | 1 3 4 |  4.1

Action                   |  1- 3 |  4- 6 |  7- 9 | 10-12 || total
-------------------------+-------+-------+-------+-------++-------
Melee: Flail             |    75 |   150 |   375 |    11 ||   611
       Headbutt          |    12 |    27 |    83 |     5 ||   127
  Use: Potion            |       |       |     5 |       ||     5
  Eat: Chunk             |     1 |    10 |    11 |       ||    22
       Ration            |       |       |     2 |       ||     2
Armor: Scale mail        |    38 |    11 |       |       ||    49
       Chain mail        |       |    64 |   231 |     8 ||   303
Dodge: Dodged            |    25 |    31 |    97 |     4 ||   157
Block: Shield            |    50 |    77 |   251 |    16 ||   394
